[Event "*** Titled Tuesday Blitz"]
[Site "Chess.com"]
[Date "2020.04.28"]
[Round "3"]
[White "pirulillo"]
[Black "Alexa797"]
[Result "1/2-1/2"]
[WhiteElo "2139"]
[BlackElo "2329"]
[TimeControl "180+1"]
[EndTime "10:32:46 PDT"]
[Termination "Game drawn by agreement"]

1. e4 c5 2. Nf3 e6 3. d3 Nc6 4. g3 Nf6 5. Bg2 Be7 6. O-O O-O 7. Re1 d5 8. e5 Nd7 9. h4 b5 10. Bf4 b4 11. Nbd2 a5 12. Nf1 a4 13. a3 Bb7 14.
N1h2 Re8 15. Ng5 Nf8 16. Qh5 g6 17. Qh6 f6 18. exf6 Bxf6 19. Ngf3 Bg7 20. Qg5 Qxg5 21. hxg5 Bxb2 22. Ra2 bxa3 23. Ng4 Nb4 24. Rxb2 e5 25. Rxb4 cxb4 26. Bxe5 Rxe5 27. Nfxe5 b3 28. cxb3 axb3 29. Nh6+ Kg7 30. Neg4 a2 31. Re7+ Kh8 32. Nf7+ Kg7 33. Nfh6+ Kh8 34. Nf7+ Kg7 35. Nfe5+ Kh8 36. Rxb7 a1=Q+ 37. Kh2 Ra7 38. Rb8 Qa3 39. Bxd5 Qe7 40. Rxb3 Qxg5 41.
f4 Qh5+ 42. Kg2 g5 43. Rb8 Kg7 44. fxg5 Qxg5 45. Nf3 Ra2+ 46. Kh3 Qh5+ 47. Nh4 Ng6 48. Bxa2 Nxh4 49. gxh4 Qf5 50. Rb7+ Kg6 51. Rb2 Kg7 52. Rf2 Qxd3+ 53. Kg2 Qd6 54. Bf7 Qc6+ 55. Kg3 Qd6+ 56. Rf4 Qd3+ 57. Rf3 Qd6+ 58. Kg2 Qd2+ 59. Nf2 Qd6 60.
Bb3 Qe7 61. Rg3+ Kh6 62. Bd1 Qxh4 63. Bf3 Qxg3+ 64. Kxg3 Kg5 65. Nh3+ Kf6 66. Kh4 h6 67. Bh5 Kg7 68. Kg4 Kf6 69. Nf4 Ke5 70. Ng6+ Kf6 71. Nh4 Ke5 72. Bg6 Kf6 73. Kh5 Kg7 74. Nf5+ Kf6 75.
Kxh6 Ke5 76. Ng7 Kf6 77. Nh5+ Ke5 78. Kg5 Ke6 79. Bf5+ Ke5 80. Ng3 Kd4 81. Nh1 Ke5 82. Nf2 Kd4 83. Ng4 Kd5 84. Kf4 Kd6 85. Ne5 Kd5 86.
Be4+ Kd4 87. Kf5 Ke3 88. Ng4+ Kd4 89. Kf4 Kc5 90. Bf5 Kd4 91. Ne5 Kd5 92. Nf3 Kc4 93.
Ke4 Kc3 94. Kd5 Kb4 95. Nd4 Kc3 96. Bd7 Kd3 97. Bb5+ Ke3 98. Ke5 Kd2 99. Ke4 Kc3 100. Ke3 Kb4 101. Bd3 Kc5 102. Ne2 Kd6 103. Be4 Ke5 104.
Nc1 Kd6 105. Nd3 Ke6 106. Kd4 Kf6 107. Nf4 Kg5 108. Ke3 Kf6 109. Kf3 Ke5 110. Kg4 Kd4 111. Bf5 Ke5 112. Nh5 Kd4 113. Kf4 Kd5 114. Nf6+ Kd4 115. Ne4 Kd5 116. Nf2 Kd4 117. Be4 Kc3 118. Ng4 Kc4 119. Ne3+ Kc5 120. Ke5 Kb4 121. Bd5 Kc3 1/2-1/2

[Event "*** Titled Tuesday Blitz"]
[Site "Chess.com"]
[Date "2020.04.28"]
[Round "3"]
[White "Lysiak_Poltorak"]
[Black "Natalya_Buksa"]
[Result "1-0"]
[WhiteElo "2325"]
[BlackElo "2520"]
[TimeControl "180+1"]
[EndTime "10:32:57 PDT"]
[Termination "Lysiak_Poltorak won by checkmate"]

1. e4 c5 2. Nf3 Nc6 3. d4 cxd4 4. Nxd4 Nf6 5. Nc3 e5 6. Ndb5 d6 7. Bg5 a6 8. Na3 b5 9. Nd5 Be7 10. Bxf6 Bxf6 11. c3 Rb8 12. Nc2 Bg5 13. a4 bxa4 14. Ncb4 Nxb4 15. cxb4 Bd7 16. Bxa6 O-O 17. O-O Bc6 18. Rxa4 Bxa4 19. Qxa4 Kh8 20. Bd3 Qe8 21. b5 Bd8 22. Qa6 Qd7 23. Rc1 g6 24. b6 f5 25.
Qa7 Rb7 26. Qa6 Bg5 27. Rc7 Rxc7 28. bxc7 fxe4 29. Bxe4 Qg4 30. f3 Qc8 31. Qxc8 Rxc8 32. b4 Bd2 33. b5 Ba5 34. b6 Bxb6+ 35. Nxb6 Rxc7 36. Kf2 Kg7 37. Ke3 Rc3+ 38. Kf2 Rc5 39.
h4 Kf7 40. Kg3 Ke6 41. Kg4 Rb5 42. Na4 d5 43. Nc3 Rb2 44. Nxd5 Rxg2+ 45. Kh3 Ra2 46. Ne3 Kf6 47. Ng4+ Ke6 48. Kg3 Ra1 49. Nf2 h5 50. Nh3 Rf1 51. Ng5+ Kf6 52. Bd3 Rg1+ 53. Kh3 Rd1 54.
Ne4+ Ke6 55. Bc4+ Kf5 56. Kg3 Rd4 57. Be2 Ke6 58. Ba6 Ke7 59. Bc8 Ra4 60. Bh3 Ra3 61. Ng5 Ra1 62. Bg2 Ra3 63. Kf2 Kf6 64. Bh3 Ra2+ 65. Kg3 Ra3 66. Ne4+ Ke7 67. Bf1 Rb3 68. Bc4 Ra3 69. Bg8 Ra1 70. Kf2 Ra3 71. Ng5 Ra8 72. Bd5 Ra5 73. Be4 Ra2+ 74. Kg3 Kf6 75. Nh7+ Kg7 76.
Ng5 Rd2 77. Ne6+ Kf6 78. Nc5 Rd4 79. Nd3 Ra4 80. Nf2 Ra3 81. Bd3 g5 82. Ne4+ Kg6 83. Nc5+ Kf6 84. hxg5+ Kxg5 85. Be4 Rc3 86. Ne6+ Kf6 87.
Nf8 Rc7 88. Nh7+ Ke6 89. Ng5+ Kf6 90. Kh4 Rc1 91. Kxh5 Rg1 92. Nh3 Rh1 93. Kh4 Ke6 94. Kg3 Kf6 95. Nf2 Re1 96. Ng4+ Ke6 97. Kh4 Rh1+ 98.
Kg5 Rh8 99. Bf5+ Kd5 100. Nf6+ Kd4 101. Bg6 Rh1 102. Kf5 Ke3 103. Bh5 Kd4 104. Bg4 Rg1 105. Nd7 Rf1 106. Nxe5 Ra1 107. Ng6 Kd5 108. f4 Kd6 109. Kf6 Ra8 110. f5 Kd5 111. Bf3+ Kd4 112. Bxa8 Kc5 113. Kg7 Kd6 114. f6 Ke6 115. f7 Kd7 116. Bc6+ Kc7 117. f8=Q Kb6 118. Qd6 Ka7 119. Ne5 Ka6 120. Nc4 Ka7 121. Qc7+ Ka6 122. Qb7# 1-0

[Event "*** Titled Tuesday Blitz"]
[Site "Chess.com"]
[Date "2020.04.28"]
[Round "4"]
[White "NMZanette"]
[Black "canary2016"]
[Result "1/2-1/2"]
[WhiteElo "2196"]
[BlackElo "1863"]
[TimeControl "180+1"]
[EndTime "10:34:25 PDT"]
[Termination "Game drawn by repetition"]

1. e4 c6 2. Nc3 d5 3. Nf3 Bg4 4. h3 Bxf3 5. Qxf3 e6 6. d3 Nd7 7.
Bd2 Ngf6 8. O-O-O Be7 9. Qg3 Nh5 10. Qf3 Nhf6 11. Qg3 Nh5 12. Qf3 Nhf6 1/2-1/2

[Event "*** Titled Tuesday Blitz"]
[Site "Chess.com"]
[Date "2020.04.28"]
[Round "4"]
[White "Evgeny81"]
[Black "zivicd"]
[Result "1-0"]
[WhiteElo "2690"]
[BlackElo "2228"]
[TimeControl "180+1"]
[EndTime "10:34:53 PDT"]
[Termination "Evgeny81 won by resignation"]

1. d4 Nf6 2. c4 e5 3. dxe5 Ng4 4. Nf3 Nc6 5. e3 Bb4+ 6. Bd2 Qe7 7. Nc3 Ngxe5 8.
Be2 Nxf3+ 9. Bxf3 Ne5 10. Be2 d6 11. O-O Bf5 12. Nd5 1-0

[Event "*** Titled Tuesday Blitz"]
[Site "Chess.com"]
[Date "2020.04.28"]
[Round "4"]
[White "powermove"]
[Black "gmelviro"]
[Result "0-1"]
[WhiteElo "1644"]
[BlackElo "2150"]
[TimeControl "180+1"]
[EndTime "10:35:15 PDT"]
[Termination "gmelviro won by resignation"]

1. e4 e5 2. Nf3 Nc6 3. Bb5 a6 4. Ba4 Nf6 5. Qe2 b5 6. Bb3 Be7 7. O-O O-O 8. a4 Rb8 9. c3 d6 10. Rd1 Bg4 11. d3 h6 12. Nbd2 Nh7 13. h3 Bh5 14. Nf1 Ng5 15. g4 Nxh3+ 0-1

[Event "*** Titled Tuesday Blitz"]
[Site "Chess.com"]
[Date "2020.04.28"]
[Round "4"]
[White "MaxVavulin"]
[Black "erlesfar"]
[Result "1-0"]
[WhiteElo "2605"]
[BlackElo "2353"]
[TimeControl "180+1"]
[EndTime "10:35:25 PDT"]
[Termination "MaxVavulin won by checkmate"]

1. e4 d5 2. exd5 Qxd5 3. Nc3 Qa5 4. d4 Nf6 5. Nf3 c6 6. Ne5 Nbd7 7. Nc4 Qd8 8. Bg5 e6 9. Qf3 Be7 10. O-O-O Nb6 11.
Ne5 Nbd5 12. Ne4 h6 13. Bh4 Nxe4 14. Qxf7# 1-0

[Event "*** Titled Tuesday Blitz"]
[Site "Chess.com"]
[Date "2020.04.28"]
[Round "4"]
[White "MoreChessJulia"]
[Black "politeplayer"]
[Result "0-1"]
[WhiteElo "1771"]
[BlackElo "2198"]
[TimeControl "180+1"]
[EndTime "10:35:29 PDT"]
[Termination "politeplayer won by resignation"]

1. d4 Nf6 2. c4 c5 3. d5 e6 4. Nc3 exd5 5. cxd5 d6 6. e4 a6 7. a3 g6 8. h3 Bg7 9. Nf3 O-O 10. Bd3 Re8 11.
O-O b5 12. Qc2 c4 13. Be2 Nbd7 14. Be3 Qc7 15. Bd4 Nc5 16. Nd2 Rb8 17. Rfe1 Nfd7 18. Bf1 Bxd4 0-1

[Event "*** Titled Tuesday Blitz"]
[Site "Chess.com"]
[Date "2020.04.28"]
[Round "4"]
[White "DFeco"]
[Black "relaxx87"]
[Result "0-1"]
[WhiteElo "2186"]
[BlackElo "2691"]
[TimeControl "180+1"]
[EndTime "10:35:32 PDT"]
[Termination "relaxx87 won by resignation"]

1. c4 c5 2. g3 Nc6 3. Bg2 g6 4. Nc3 Bg7 5. a3 d6 6. Nf3 Bf5 7. e4 Bg4 8. h3 Bxf3 9. Bxf3 Nf6 10. O-O O-O 11. d3 Nd4 12. Bg2 Rb8 13. Ne2 Nd7 14. Nxd4 Bxd4 15. Rb1 b5 16. Bd2 bxc4 17. dxc4 Rxb2 18.
Rxb2 Bxb2 19. Qa4 Qc7 20. Rb1 Rb8 21. Ba5 Qc8 22. f4 Bd4+ 23. Kh2 Rxb1 0-1

[Event "*** Titled Tuesday Blitz"]
[Site "Chess.com"]
[Date "2020.04.28"]
[Round "4"]
[White "kingnb"]
[Black "Barcelona_Guy"]
[Result "0-1"]
[WhiteElo "2462"]
[BlackElo "2714"]
[TimeControl "180+1"]
[EndTime "10:35:34 PDT"]
[Termination "Barcelona_Guy won by resignation"]

1. d4 Nf6 2. Nf3 g6 3. Bg5 Bg7 4. Nbd2 O-O 5. e4 d6 6. Bc4 a6 7.
a4 h6 8. Bh4 Nxe4 9. Nxe4 d5 10. Bd3 dxe4 11. Bxe4 f5 12. Bd3 g5 13. Bc4+ e6 14.
Nxg5 hxg5 15. Bg3 f4 0-1

[Event "*** Titled Tuesday Blitz"]
[Site "Chess.com"]
[Date "2020.04.28"]
[Round "4"]
[White "vanyakuba"]
[Black "ridnani2021"]
[Result "1-0"]
[WhiteElo "2408"]
[BlackElo "2120"]
[TimeControl "180+1"]
[EndTime "10:35:48 PDT"]
[Termination "vanyakuba won by resignation"]

1. e4 c6 2. d4 d5 3. exd5 cxd5 4. c4 Nf6 5. Nc3 Nc6 6. Bg5 dxc4 7. d5 Ne5 8. Qd4 Nd3+ 9. Bxd3 cxd3 10. Nf3 h6 11. Bxf6 exf6 12. O-O-O Be7 13. Qxd3 f5 14. d6 Bf6 15. Rhe1+ Kf8 16. d7 Bxc3 17. Qd6+ Kg8 18.
Re8+ 1-0

[Event "*** Titled Tuesday Blitz"]
[Site "Chess.com"]
[Date "2020.04.28"]
[Round "4"]
[White "BeanScreen"]
[Black "Coiote53"]
[Result "1-0"]
[WhiteElo "2574"]
[BlackElo "2345"]
[TimeControl "180+1"]
[EndTime "10:35:57 PDT"]
[Termination "BeanScreen won by resignation"]

1. e4 e5 2. Nf3 Nc6 3. Bc4 Nf6 4. d3 Bc5 5. c3 d6 6. Nbd2 a6 7. a4 Ba7 8. Nf1 h6 9. Ng3 O-O 10. O-O Be6 11. Bxe6 fxe6 12. Be3 Qe8 13. Bxa7 Rxa7 14.
Qb3 Kh7 15. d4 exd4 16. cxd4 Qg6 17. d5 exd5 18. exd5 Ne7 19. Qe3 1-0

[Event "*** Titled Tuesday Blitz"]
[Site "Chess.com"]
[Date "2020.04.28"]
[Round "4"]
[White "IMinTheWings"]
[Black "warmoatmeal"]
[Result "1-0"]
[WhiteElo "2218"]
[BlackElo "1948"]
[TimeControl "180+1"]
[EndTime "10:36:01 PDT"]
[Termination "IMinTheWings won by resignation"]

1. c4 e6 2. Nc3 Nf6 3. e4 d5 4.
e5 d4 5. exf6 dxc3 6. bxc3 Qxf6 7. Nf3 b6 8. d4 Bb7 9. Bd3 h6 10. Qe2 Bd6 11. Be4 Bxe4 12. Qxe4 c6 13. O-O O-O 14. a4 a5 15. Ba3 Bxa3 16. Rxa3 Ra7 17. Ne5 Rc7 18. Rb3 b5 19. cxb5 cxb5 20. axb5 Nd7 21.
b6 1-0

[Event "*** Titled Tuesday Blitz"]
[Site "Chess.com"]
[Date "2020.04.28"]
[Round "4"]
[White "Karacsonyi_Gellert"]
[Black "Akhayan"]
[Result "0-1"]
[WhiteElo "2436"]
[BlackElo "2300"]
[TimeControl "180+1"]
[EndTime "10:36:11 PDT"]
[Termination "Akhayan won by resignation"]

1. e4 e6 2. d4 d5 3. Nd2 c5 4. exd5 Qxd5 5. Ngf3 cxd4 6. Bc4 Qd6 7. O-O a6 8. Ne4 Qc7 9. Bb3 Be7 10. Nxd4 Nf6 11. Nxf6+ Bxf6 12. c3 O-O 13. Qf3 Bxd4 14. cxd4 Nc6 15.
Bf4 Qb6 16. d5 exd5 17. Bxd5 Bd7 18. Bd6 Nd4 19. Qd1 Qxd6 20. Qxd4 Be6 21. Rad1 Rad8 0-1

[Event "*** Titled Tuesday Blitz"]
[Site "Chess.com"]
[Date "2020.04.28"]
[Round "4"]
[White "WeAintSurePal"]
[Black "Chepaschess"]
[Result "0-1"]
[WhiteElo "2394"]
[BlackElo "2633"]
[TimeControl "180+1"]
[EndTime "10:36:18 PDT"]
[Termination "Chepaschess won by resignation"]

1. d4 Nf6 2. Nf3 g6 3. Bg5 Bg7 4. Nbd2 O-O 5. c3 d6 6. e4 c5 7. Be2 cxd4 8. cxd4 h6 9. Bh4 Nh5 10. O-O g5 11. Bg3 Nc6 12. Nb3 Nxg3 13. hxg3 Qb6 14. d5 Ne5 15. Nfd4 a5 16. a4 Bd7 17. Qd2 Rfc8 18. Rfc1 Rxc1+ 19. Qxc1 Rc8 20. Qd2 Nc4 21. Bxc4 Rxc4 22. Qxa5 Qxa5 23. Nxa5 Rxd4 24. Nxb7 Rxa4 25. Rxa4 Bxa4 26. b4 Bc3 27. Na5 Bxb4 28. Nc6 Bxc6 29.
dxc6 Ba5 0-1

[Event "*** Titled Tuesday Blitz"]
[Site "Chess.com"]
[Date "2020.04.28"]
[Round "4"]
[White "Gyapiking"]
[Black "JakeCarlosBanawa"]
[Result "1-0"]
[WhiteElo "2502"]
[BlackElo "2314"]
[TimeControl "180+1"]
[EndTime "10:36:23 PDT"]
[Termination "Gyapiking won by resignation"]

1. c4 Nf6 2. g3 e6 3. Bg2 d5 4.
Nf3 b6 5. O-O Bb7 6. b3 Be7 7.
Bb2 O-O 8. e3 dxc4 9. bxc4 c5 10. Nc3 Nbd7 11. Qe2 Rc8 12. Nh4 Bxg2 13. Nxg2 Ne5 14.
Nf4 g5 15. Ncd5 gxf4 16. Nxe7+ Qxe7 17. Bxe5 Nd7 18. Qg4+ 1-0

[Event "*** Titled Tuesday Blitz"]
[Site "Chess.com"]
[Date "2020.04.28"]
[Round "4"]
[White "GracefulYear"]
[Black "calin_dragomirescu"]
[Result "1-0"]
[WhiteElo "2462"]
[BlackElo "2250"]
[TimeControl "180+1"]
[EndTime "10:36:27 PDT"]
[Termination "GracefulYear won by resignation"]

1. d4 g6 2. c4 Bg7 3. Nf3 Nf6 4. g3 d6 5. Bg2 O-O 6. Nc3 Nbd7 7. O-O e5 8. e4 c6 9. Re1 exd4 10. Nxd4 Re8 11.
b3 Ng4 12. Bb2 h5 13. h3 Ngf6 14. Nc2 Qc7 15. Qd2 a5 16. Rad1 Bf8 17. Qf4 Nh7 18. Ne2 Ne5 19. Ned4 Bh6 20. Qxh6 1-0

[Event "*** Titled Tuesday Blitz"]
[Site "Chess.com"]
[Date "2020.04.28"]
[Round "4"]
[White "ntmh281"]
[Black "Superfelix"]
[Result "0-1"]
[WhiteElo "2267"]
[BlackElo "2459"]
[TimeControl "180+1"]
[EndTime "10:36:32 PDT"]
[Termination "Superfelix won by checkmate"]

1. d4 Nf6 2. Nf3 g6 3. g3 Bg7 4. Bg2 O-O 5. O-O d5 6. a4 c6 7. c4 Ne4 8. c5 f5 9. b4 Nd7 10. Bb2 Qc7 11. Nbd2 e5 12. dxe5 Nxe5 13. Nxe5 Bxe5 14.
Bxe5 Qxe5 15. Nf3 Qf6 16. Qc2 Bd7 17. e3 a6 18. Nd4 Rae8 19. Rab1 Qe7 20. Rfc1 h5 21.
b5 axb5 22. axb5 h4 23. bxc6 bxc6 24. Rb6 hxg3 25. hxg3 Rf6 26. Rb7 Nxg3 27. fxg3 Qxe3+ 28. Kh2 g5 29. Rxd7 Rh6+ 30. Bh3 g4 31. Nxf5 Rxh3+ 32. Kg2 Qf3+ 33. Kg1 Rh1# 0-1

[Event "*** Titled Tuesday Blitz"]
[Site "Chess.com"]
[Date "2020.04.28"]
[Round "4"]
[White "Grandmaster2B"]
[Black "Khayala13"]
[Result "0-1"]
[WhiteElo "2492"]
[BlackElo "2336"]
[TimeControl "180+1"]
[EndTime "10:36:33 PDT"]
[Termination "Khayala13 won by resignation"]

1. e4 c5 2. Nf3 e6 3. d4 d5 4. exd5 exd5 5. dxc5 Bxc5 6. Nbd2 Ne7 7. Nb3 Bd6 8. Be2 Nbc6 9. O-O O-O 10. c3 Bc7 11. Bg5 Qd6 12. Bh4 Nf5 13. Bg3 Nxg3 14. fxg3 Bf5 15.
Nfd4 Be4 16. Kh1 Qh6 17. Qc1 Qg6 18. Bh5 Qxh5 0-1

[Event "*** Titled Tuesday Blitz"]
[Site "Chess.com"]
[Date "2020.04.28"]
[Round "4"]
[White "Aureliano-Buendia"]
[Black "DACF2905"]
[Result "1-0"]
[WhiteElo "2418"]
[BlackElo "2185"]
[TimeControl "180+1"]
[EndTime "10:36:39 PDT"]
[Termination "Aureliano-Buendia won by resignation"]

1. d4 Nf6 2. c4 e5 3. dxe5 Ng4 4. e4 Nxe5 5. f4 Ng6 6. Be3 Nc6 7. Nf3 d6 8. Nc3 Be7 9. Bd3 Bg4 10. O-O O-O 11. h3 Bxf3 12. Qxf3 Bf6 13. Nd5 Bd4 14. Rae1 Bxe3+ 15. Rxe3 Nd4 16. Qg3 c6 17. Nc3 Qh4 18.
Qxh4 Nxh4 19. f5 d5 20. cxd5 cxd5 21. Nxd5 Rfe8 22. g3 Nhxf5 23. exf5 Rxe3 24. Nxe3 Re8 25. Kf2 1-0

[Event "*** Titled Tuesday Blitz"]
[Site "Chess.com"]
[Date "2020.04.28"]
[Round "4"]
[White "SamuelGhimpu2003"]
[Black "SharapovEvgeny"]
[Result "1-0"]
[WhiteElo "2692"]
[BlackElo "2316"]
[TimeControl "180+1"]
[EndTime "10:36:42 PDT"]
[Termination "SamuelGhimpu2003 won by resignation"]

1. e4 c5 2. Nf3 d6 3. d4 cxd4 4. Nxd4 Nf6 5. Nc3 Nc6 6. Bc4 Qb6 7. Nb3 e6 8. O-O Be7 9. Kh1 O-O 10. f4 a6 11. Bd3 Qc7 12. g4 b5 13. g5 Nd7 14. Qh5 g6 15. Qh6 Re8 16. Rf3 Nb4 17. Rh3 Nf8 18. Be3 Nxd3 19. cxd3 Bb7 20. Kg1 b4 21. f5 exf5 22. exf5 gxf5 23. Bd4 1-0

[Event "*** Titled Tuesday Blitz"]
[Site "Chess.com"]
[Date "2020.04.28"]
[Round "4"]
[White "saikrishnaReturns"]
[Black "almo64"]
[Result "0-1"]
[WhiteElo "2640"]
[BlackElo "2820"]
[TimeControl "180+1"]
[EndTime "10:36:44 PDT"]
[Termination "almo64 won by resignation"]

1. e4 c5 2. Nf3 Nc6 3. Nc3 g6 4. h4 Nf6 5. h5 Nxh5 6. Rxh5 gxh5 7. Ng5 e6 8. Qxh5 Qf6 9. Nb5 h6 10. Nc7+ Kd8 11. Nxf7+ Kxc7 12. Nxh8 Qxh8 13. c3 d6 14. Bb5 Bd7 15. d4 cxd4 16. cxd4 Qxd4 17. Bxc6 bxc6 0-1

[Event "*** Titled Tuesday Blitz"]
[Site "Chess.com"]
[Date "2020.04.28"]
[Round "4"]
[White "Teidi96"]
[Black "maziarbagheri"]
[Result "1-0"]
[WhiteElo "2255"]
[BlackElo "2400"]
[TimeControl "180+1"]
[EndTime "10:36:44 PDT"]
[Termination "Teidi96 won by resignation"]

1. e4 Nf6 2. e5 Nd5 3. d4 d6 4. Nf3 Nc6 5. Bc4 Nb6 6. Bxf7+ Kxf7 7. Ng5+ Kg8 8. e6 h6 9. Nf7 Qe8 10. d5 Nd8 11. Nxh8 Kxh8 12. b3 c6 13. c4 cxd5 14. cxd5 Nxd5 15. Qxd5 Bxe6 16. Qd3 Nc6 17. Bb2 Nb4 18. Qd2 Qb5 19. Qxh6+ Kg8 20. Qxe6+ Kh7 21. Qe4+ Kg8 22. Nc3 1-0

[Event "*** Titled Tuesday Blitz"]
[Site "Chess.com"]
[Date "2020.04.28"]
[Round "4"]
[White "Rafael_Ventura"]
[Black "HrvojeZagreb"]
[Result "1-0"]
[WhiteElo "2295"]
[BlackElo "2094"]
[TimeControl "180+1"]
[EndTime "10:36:48 PDT"]
[Termination "Rafael_Ventura won by resignation"]

1. e4 e6 2. d4 d5 3. Nd2 dxe4 4. Nxe4 Nd7 5. Nf3 Ngf6 6. Nxf6+ Nxf6 7. g3 c5 8. Bg2 cxd4 9. Qxd4 Qxd4 10. Nxd4 Bc5 11. Nb3 Bb6 12. c4 O-O 13. O-O Rd8 14. Bf4 h6 15. c5 g5 16. Be5 Nd7 17. Bd6 Nf6 18. Be7 Kg7 19. cxb6 1-0

[Event "*** Titled Tuesday Blitz"]
[Site "Chess.com"]
[Date "2020.04.28"]
[Round "4"]
[White "lifeissofun"]
[Black "josiwales"]
[Result "0-1"]
[WhiteElo "2355"]
[BlackElo "2604"]
[TimeControl "180+1"]
[EndTime "10:36:51 PDT"]
[Termination "josiwales won by resignation"]

1. e4 c5 2. Nf3 Nc6 3. d4 cxd4 4. Nxd4 Nf6 5. Nc3 e5 6. Ndb5 d6 7. Nd5 Nxd5 8. exd5 Ne7 9. a4 a6 10. Na3 Qa5+ 11. c3 Qxd5 12. Qc2 Bf5 13. Qd2 Qxd2+ 14. Bxd2 Nc6 15. Bc4 Be7 16. O-O-O O-O 17. f3 Rac8 18.
g4 Bg6 19. h4 h6 20. g5 h5 21. f4 d5 22. Bxd5 Nb4 23. Bc4 Rxc4 24. Be3 Na2+ 25.
Kd2 Bxa3 26. bxa3 Rd8+ 27. Ke2 Nxc3+ 0-1

[Event "*** Titled Tuesday Blitz"]
[Site "Chess.com"]
[Date "2020.04.28"]
[Round "4"]
[White "MateSchmate"]
[Black "indfraeng"]
[Result "1-0"]
[WhiteElo "2465"]
[BlackElo "2277"]
[TimeControl "180+1"]
[EndTime "10:36:51 PDT"]
[Termination "MateSchmate won by resignation"]

1. e4 e5 2. Nf3 Nc6 3. d4 exd4 4. Nxd4 Qf6 5. Nxc6 dxc6 6. Qf3 Bc5 7. Bc4 Be6 8. Bb3 O-O-O 9. Nc3 Bxb3 10. axb3 Qxf3 11.
gxf3 Nf6 12. Be3 Bxe3 13. fxe3 Rhe8 14. Rxa7 Kb8 15. Ra4 g5 16. Ke2 g4 17. f4 b5 18.
Rb4 h5 19. e5 Nd5 20. Nxd5 Rxd5 21. Rd4 f6 22. Rxd5 cxd5 23. exf6 Rf8 24. Rd1 c6 25. c4 bxc4 26. bxc4 dxc4 27. Rd6 Kc7 28. Re6 Kd7 29. f5 Rb8 30. Kd2 Rxb2+ 31. Kc3 Rf2 32.
e4 g3 33. hxg3 h4 34. f7 1-0

[Event "*** Titled Tuesday Blitz"]
[Site "Chess.com"]
[Date "2020.04.28"]
[Round "4"]
[White "EvgenyRomanov"]
[Black "KubaGepard"]
[Result "1-0"]
[WhiteElo "2651"]
[BlackElo "2420"]
[TimeControl "180+1"]
[EndTime "10:36:57 PDT"]
[Termination "EvgenyRomanov won by resignation"]

1. c4 e5 2. g3 c6 3. Nf3 e4 4. Nd4 d5 5. d3 dxc4 6. dxc4 Bb4+ 7. Nc3 Nf6 8. Bg2 h6 9. O-O Bxc3 10. bxc3 O-O 11.
a4 c5 12. Nb5 Nbd7 13. Bf4 Nh5 14. Bd6 Re8 15. Nc7 Ndf6 16. Nxa8 1-0

[Event "*** Titled Tuesday Blitz"]
[Site "Chess.com"]
[Date "2020.04.28"]
[Round "4"]
[White "SaqoChess_Twitch"]
[Black "Klavdia_Nik"]
[Result "1-0"]
[WhiteElo "2480"]
[BlackElo "2039"]
[TimeControl "180+1"]
[EndTime "10:37:01 PDT"]
[Termination "SaqoChess_Twitch won by resignation"]

1. d4 Nf6 2. c4 c5 3. d5 b5 4. cxb5 a6 5. bxa6 Bxa6 6. Nc3 d6 7. Nf3 g6 8. g3 Bg7 9. Bg2 O-O 10. Rb1 Qa5 11. O-O Nbd7 12. Bd2 Rfb8 13. b3 Qb6 14. Qc2 Bb7 15. e4 Ba6 16. Rfd1 Ng4 17. a4 Nge5 18. Nxe5 Nxe5 19. Be1 Ra7 20. h3 Rab7 21. Kh2 Qd8 22.
f4 Nd7 23. Na2 Ra7 24. Bc3 f6 25. b4 cxb4 26. Nxb4 Nc5 27. Nc6 Qd7 28. Rxb8+ Qd8 29. Rxd8+ 1-0

[Event "*** Titled Tuesday Blitz"]
[Site "Chess.com"]
[Date "2020.04.28"]
[Round "4"]
[White "CastleOasisChess"]
[Black "isla88"]
[Result "0-1"]
[WhiteElo "2119"]
[BlackElo "2316"]
[TimeControl "180+1"]
[EndTime "10:37:02 PDT"]
[Termination "isla88 won by resignation"]

1. d4 Nf6 2. e3 g6 3. Bd3 Bg7 4. Nd2 d6 5. c3 O-O 6. f4 b6 7.
Ngf3 Ba6 8. Qe2 Bxd3 9. Qxd3 Nbd7 10. O-O c5 11. f5 e5 12. dxe5 Nxe5 13. Nxe5 dxe5 14.
Qxd8 Raxd8 15. fxg6 hxg6 16. Nc4 e4 17. Rf4 Rd1+ 18. Kf2 Rfd8 19. Ke2 g5 20. Rf5 Rg1 21. Rxg5 Rdd1 22. Nd6 Rxd6 0-1

[Event "*** Titled Tuesday Blitz"]
[Site "Chess.com"]
[Date "2020.04.28"]
[Round "4"]
[White "MPGM"]
[Black "EfM13"]
[Result "0-1"]
[WhiteElo "2503"]
[BlackElo "2296"]
[TimeControl "180+1"]
[EndTime "10:37:14 PDT"]
[Termination "EfM13 won on time"]

1. e4 g6 2. d4 Bg7 3. Nf3 d6 4. Be3 Nf6 5. Nc3 O-O 6. Qd2 Re8 7. Bh6 Bh8 8. O-O-O c6 9. h4 Bg4 10. h5 Nxh5 0-1

[Event "*** Titled Tuesday Blitz"]
[Site "Chess.com"]
[Date "2020.04.28"]
[Round "4"]
[White "HansCoolNiemann"]
[Black "ChessTraining77"]
[Result "1-0"]
[WhiteElo "2938"]
[BlackElo "2547"]
[TimeControl "180+1"]
[EndTime "10:37:17 PDT"]
[Termination "HansCoolNiemann won by resignation"]

1. d4 d5 2. Bf4 c5 3. Nc3 Nf6 4. e4 dxe4 5. dxc5 Qxd1+ 6. Rxd1 a6 7. Nge2 Bf5 8. Ng3 Bg6 9. h4 h6 10. h5 Bh7 11. b4 Nc6 12. a3 e6 13. Bc4 Be7 14.
O-O O-O 15. Rfe1 a5 16. b5 Na7 17. c6 bxc6 18. b6 Nb5 19. Bxb5 cxb5 20. b7 Rab8 21.
Bxb8 Rxb8 22. Nxb5 Rxb7 23. Nd6 Rc7 24. Ndxe4 Rxc2 25. Nxf6+ gxf6 26. Rd7 Bxa3 27. Nf1 Bb4 28. Re3 Rc1 29. Rd8+ 1-0

[Event "*** Titled Tuesday Blitz"]
[Site "Chess.com"]
[Date "2020.04.28"]
[Round "4"]
[White "Abdimalik_Abdisalimov"]
[Black "gurelediz"]
[Result "1-0"]
[WhiteElo "2805"]
[BlackElo "2605"]
[TimeControl "180+1"]
[EndTime "10:37:18 PDT"]
[Termination "Abdimalik_Abdisalimov won by resignation"]

1. d4 Nf6 2. c4 e6 3. Nf3 b6 4. g3 Bb7 5. Bg2 Be7 6. O-O O-O 7. Re1 c5 8. d5 exd5 9. Nh4 Ne4 10. cxd5 Bxh4 11.
Bxe4 Bf6 12. Nc3 d6 13. Bg2 Qe7 14. Qc2 Nd7 15. Bf4 Be5 16. Bd2 a6 17. a4 Rae8 18.
Rad1 f5 19. f4 Bf6 20. Kh1 g6 21. e4 fxe4 22. Nxe4 Qg7 23. Nxd6 Ba8 24. Nxe8 1-0

[Event "*** Titled Tuesday Blitz"]
[Site "Chess.com"]
[Date "2020.04.28"]
[Round "4"]
[White "Lion-Al-Messi"]
[Black "Pawnpusherschessaccademy"]
[Result "1-0"]
[WhiteElo "2432"]
[BlackElo "2227"]
[TimeControl "180+1"]
[EndTime "10:37:20 PDT"]
[Termination "Lion-Al-Messi won by resignation"]

1. d4 Nf6 2. Nf3 d5 3. Nc3 Bf5 4. Bg5 e6 5. e3 h6 6. Bh4 c5 7. Bb5+ Nbd7 8. Ne5 g5 9. Bg3 Be7 10. O-O a6 11. Bd3 c4 12. Bxf5 exf5 13. Qf3 f4 14.
exf4 g4 15. Nxg4 Nxg4 16. Qxg4 Nf6 17. Qf5 Kf8 18. Rfe1 Rg8 19. Re5 Bd6 20. Rae1 Bxe5 21.
dxe5 d4 22. exf6 1-0

[Event "*** Titled Tuesday Blitz"]
[Site "Chess.com"]
[Date "2020.04.28"]
[Round "4"]
[White "Spring199"]
[Black "APotatoInthekitchen"]
[Result "1-0"]
[WhiteElo "2393"]
[BlackElo "2151"]
[TimeControl "180+1"]
[EndTime "10:37:22 PDT"]
[Termination "Spring199 won by resignation"]

1. d4 Nf6 2. c4 g6 3. Nc3 Bg7 4. e4 d6 5. Nge2 O-O 6. Ng3 e5 7.
d5 a5 8. h4 Na6 9. h5 Nc5 10.
Be2 gxh5 11. Bxh5 Bd7 12. Bg5 h6 13. Bh4 Qc8 14. Qd2 Bg4 15. Bxf6 Bxf6 16. Qxh6 Bg5 17.
Qxg5+ 1-0